 Dungeon Crawl Stone Soup version 0.30-a0-1164-ge08a67761e (webtiles) character file.

Game seed: 11421261434093525206

415 HoaS the Skirmisher (level 7, 0/50 HPs)
             Began as a Formicid Hunter on Apr 29, 2023.
             Slain by Ijyb
             ... wielding a +2 dagger of speed
              (3 damage)
             ... on level 4 of the Dungeon.
             The game lasted 00:08:26 (3397 turns).

HoaS the Skirmisher (Formicid Hunter)               Turns: 3397, Time: 00:08:27

Health: 0/50       AC:  4    Str: 15    XL:     7   Next: 15%
Magic:  7/7        EV: 12    Int:  9    God:
Gold:   170        SH:  0    Dex: 25    Spells: 6/6 levels left

rFire   . . .        a - +1 shortbow
rCold   . . .        (no shield)
rNeg    . . .        c - +1 leather armour
rPois   .            (helmet unavailable)
rElec   .            (no cloak)
rCorr   .            (no gloves)
SInv    +            (no boots)
Will    .....        (no amulet)
Stlth   +            d - +6 ring of dexterity
HPRegen 0.28/turn    (no ring)
MPRegen 0.10/turn

%: no passive effects
@: confused
A: permanent stasis, dig shafts and tunnels, antennae 3, four strong arms
a: Dig, Shaft Self


You were on level 4 of the Dungeon.
You visited 1 branch of the dungeon, and saw 4 of its levels.
You also visited: Sewer.

You collected 170 gold pieces.

Inventory:

Hand Weapons
 a - a +1 shortbow (weapon)
Armour
 c - a +1 leather armour (worn)
Jewellery
 d - a +6 ring of dexterity (left hand)
Scrolls
 b - a scroll of immolation
 f - a scroll of enchant armour
 g - a scroll of silence
 m - 3 scrolls of enchant weapon
Potions
 e - a potion of attraction
 h - a potion of cancellation
 i - 3 potions of curing
 j - a potion of mutation
 k - a potion of invisibility {unknown}
 l - a potion of haste {unknown}
 n - a potion of flight {unknown}


   Skills:
 - Level 2.1 Fighting
 + Level 8.0 Ranged Weapons
 - Level 1.7 Dodging
 - Level 1.2 Stealth


You had 6 spell levels left.
You didn't know any spells.
Your spell library contained the following spells:

 Spells                   Type           Power      Damage    Failure   Level
 Sandblast                Erth           0%         2d4       45%         1
 Summon Small Mammal      Summ           0%         N/A       45%         1
 Passwall                 Tmut/Erth      0%         N/A       58%         2
 Call Canine Familiar     Summ           0%         N/A       83%         3
 Stone Arrow              Conj/Erth      0%         3d7       83%         3
 Summon Guardian Golem    Hex/Summ       0%         N/A       83%         3


Dungeon Overview and Level Annotations

Branches:
Dungeon (4/15)              Sewer (visited)
 Temple: D:4-7

Altars:
Kikubaaqudgha

Shops:
D:4 *

Annotations:
D:4 Ijyb


Innate Abilities, Weirdness & Mutations

You cannot be hasted, slowed, berserked, paralysed or teleported.
You can dig through walls and to a lower floor.
You have a pair of large antennae on your head. (SInv)
Your four strong arms can wield two-handed weapons with a shield.


Message History

You're too confused to move!
Ijyb closely misses you.
You miss Ijyb.
You feel less confused.
Ijyb hits you with a +2 dagger of speed.
Ijyb zaps a wand.
Your will is overpowered!
You are confused.
You bump into the rock wall.
Ijyb hits you with a +2 dagger of speed. x2
You bump into the rock wall.
Ijyb misses you.
Ijyb zaps a wand.
You easily resist.
Found a dagger.
Ijyb hits you with a +2 dagger of speed.
Ijyb misses you.
You clumsily bash Ijyb but do no damage.
Ijyb zaps a wand.
You easily resist.
Ijyb hits you but does no damage.
You feel less confused.
You shoot an arrow. The arrow closely misses Ijyb.
Ijyb hits you with a +2 dagger of speed.
Ijyb zaps a wand.
Your will is overpowered!
You are confused.
Ijyb attacks as you move away!
Ijyb hits you with a +2 dagger of speed.
* * * LOW HITPOINT WARNING * * *
Ijyb hits you but does no damage.
You bump into the rock wall.
Ijyb hits you with a +2 dagger of speed.
* * * LOW HITPOINT WARNING * * *
You clumsily bash Ijyb but do no damage.
Ijyb closely misses you. Ijyb barely misses you.
Ijyb zaps a wand.
Your will is overpowered!
You are more confused.
The now-empty wand crumbles to dust.
Ijyb hits you with a +2 dagger of speed.
* * * LOW HITPOINT WARNING * * *
Ijyb closely misses you.
You're too confused to move!
Ijyb hits you with a +2 dagger of speed.
* * * LOW HITPOINT WARNING * * *
Ijyb hits you with a +2 dagger of speed.
You die...

#.###.# ###..# #.##.# #.#
#.#####...## #.##.## #)#
#....#.[.## #.##..# # #)#
####.....# #.###.#####.# #)#
###..#.## #.##...#.....
#)####...##.#######....∩....#
.).................<.#...#.....
..#...##....######.####.######.
.........##.[...@......)#
......########..g.........
........................###
......########..........#
......# #..........# ......#
#..........# ......#
#..........# ......#
#..........# ......#
#........).#


You could see Ijyb.

Vanquished Creatures
  Dowan (D:4)
  2 hounds (D:4)
  An orc priest (D:4)
  Natasha (thrice) (D:2)
  7 adders
  5 river rats
  2 worms
  2 dart slugs
  8 orcs
  8 ball pythons
  6 bats
  9 endoplasms
  3 giant cockroaches
  4 goblins
  6 hobgoblins
  A quokka (D:2)
  5 frilled lizards
  8 kobolds
  8 rats
89 creatures vanquished.

Notes
Turn   | Place    | Note
-------+----------+-------------------------------------------
     0 | D:1      | HoaS the Formicid Hunter began the quest for the Orb.
     0 | D:1      | Reached XP level 1. HP: 16/16 MP: 1/1
    77 | D:1      | Reached XP level 2. HP: 22/22 MP: 2/2
   738 | D:2      | Noticed Natasha
   743 | D:2      | Killed Natasha
   744 | D:2      | Reached skill level 5 in Ranged Weapons
   744 | D:2      | Reached XP level 3. HP: 20/27 MP: 3/3
   972 | D:2      | Reached XP level 4. HP: 33/33 MP: 4/4
  1167 | D:2      | Noticed Natasha
  1175 | D:2      | Killed Natasha
  1242 | D:2      | Noticed Natasha
  1248 | D:2      | Killed Natasha
  1249 | D:2      | Reached skill level 6 in Ranged Weapons
  1249 | D:2      | Reached XP level 5. HP: 35/38 MP: 5/5
  1824 | D:3      | Found an ancient bone altar of Kikubaaqudgha.
  1991 | D:3      | Found a faded altar of an unknown god.
  2171 | D:3      | Found a glowing drain.
  2190 | Sewer    | Entered a sewer
  2219 | Sewer    | Reached XP level 6. HP: 44/44 MP: 6/6
  2321 | Sewer    | Reached skill level 7 in Ranged Weapons
  2934 | D:4      | Found Soucelod's Gadget Gallery.
  3043 | D:4      | Noticed Dowan
  3057 | D:4      | Killed Dowan
  3058 | D:4      | Reached XP level 7. HP: 47/50 MP: 7/7
  3184 | D:4      | Reached skill level 8 in Ranged Weapons
  3370 | D:4      | Noticed Ijyb
  3397 | D:4      | Slain by Ijyb

Illustrated notes

Levels and vault maps discovered:
D:1:      dpeg_arrival_leaves_temple_mockup, layout_loops_ring
D:2:      layout_loops_corners, uniq_natasha
D:3:      layout_basic, nicolae_overflow_hidden_temple,
          ebering_ecumenical_altar_webs, portal_sewer_entry_a, minivault_27,
          kennysheep_generic_room_14
D:4:      layout_rooms, serial_shops, nicolae_shop_tiny_waterfront,
          corexii_leaking_fountain, chequers_serial_rivers_small_a, hex_tiny,
          nicolae_shop_gadgets, uniq_duvessa, uniq_ijyb

Skill      XL: |  1  2  3  4  5  6  7 |
---------------+----------------------+-----
Ranged Weapons | 5 6 7 8 |  8.0
Fighting       | |  2.1
Dodging        | |  1.7
Stealth        | |  1.2

Action                     |  1- 3 |  4- 6 |  7- 9 || total
---------------------------+-------+-------+-------++-------
  Melee: Shortbow          |       |       |     7 ||     7
         Punch             |       |       |     1 ||     1
   Fire: Shortbow          |    44 |   146 |    23 ||   213
Ability: Dig               |       |     2 |       ||     2
    Use: Scroll            |     3 |     9 |       ||    12
 Armour: Leather armour    |     5 |    16 |     2 ||    23
  Dodge: Dodged            |     4 |    31 |    11 ||    46

Table legend: (Time is in decaauts)
 A = Elapsed time spent in this place.
 B = Non-inter-level travel time spent in this place.
 C = Inter-level travel time spent in this place.
 D = Time resting spent in this place.
 E = Time spent auto-exploring this place.
 F = Levels seen in this place.
 G = Mean time per level.
                   A        B        C        D        E       F      G
               +--------+--------+--------+--------+--------+-----+--------+
         Total |   3507 |   3369 |    138 |    308 |   2436 |   5 |  701.4 |
       Dungeon |   2947 |   2809 |    138 |    139 |   2220 |   4 |  736.8 |
         Sewer |    560 |    560 |      0 |    169 |    216 |   1 |  560.0 |
               +--------+--------+--------+--------+--------+-----+--------+

Top non-repeatable levels by time:
     D:2: 880 daAuts
     D:3: 862 daAuts
     D:1: 728 daAuts
   Sewer: 560 daAuts
     D:4: 475 daAuts
